 Dungeon Crawl Stone Soup version 0.21-a0-2-ge494091 (webtiles) character file.

598 grindst0ne the Ruffian (level 7, -24/71 HPs)
             Began as a Troll Monk on May 22, 2017.
             Annihilated by a cyclops (31 damage)
             ... on level 4 of the Dungeon.
             The game lasted 00:05:11 (2525 turns).

grindst0ne the Ruffian (Troll Monk)                 Turns: 2525, Time: 00:05:12

Health: -24/71     AC:  1    Str: 22    XL:     7   Next: 17%
Magic:  6/6        EV: 10    Int:  6    God:
Gold:   124        SH:  0    Dex: 12    Spells: 6/6 levels left

rFire    . . .     SeeInvis .     - Unarmed
rCold    . . .     Gourm    +   (no shield)
rNeg     . . .     Faith    .   a - +0 robe
rPois    .         Spirit   .   (helmet restricted)
rElec    .         Reflect  .   (no cloak)
rCorr    .         Harm     .   (gloves unavailable)
MR       .....                  (boots unavailable)
Stlth    ++........             (no amulet)
Regen    0.7/turn               (no ring)
MPRegen  0.1/turn               (no ring)

@: corroded, very slightly contaminated, invisible
A: unfitting armour, claws 3, fast metabolism 3, gourmand, regeneration 1,
shaggy fur 1, tough skin 2
a: no special abilities


You were on level 4 of the Dungeon.
You were very full.

You visited 1 branch of the dungeon, and saw 4 of its levels.

You collected 124 gold pieces.

Inventory:

Armour
 a - a +0 robe (worn)
Jewellery
 p - an uncursed ring of wizardry {unknown}
 t - an uncursed amulet of regeneration {unknown}
Wands
 o - a wand of digging (6/24)
 s - a wand of flame (17/48)
Scrolls
 c - a scroll of amnesia {unknown}
 d - 2 scrolls of enchant weapon {unknown}
 e - a scroll of recharging {unknown}
 g - 8 scrolls of identify {unknown}
 i - a scroll of random uselessness {unknown}
 j - 2 scrolls of enchant armour {unknown}
 m - a scroll of fear {unknown}
 u - a scroll of teleportation {unknown}
 w - a scroll of magic mapping {unknown}
Potions
 k - 2 potions of brilliance {unknown}
 q - a potion of curing
 r - 2 potions of lignification {unknown}
 v - a potion of haste {unknown}
 x - a potion of degeneration {unknown}
Comestibles
 b - 4 bread rations
 f - 3 royal jellies
 n - 2 meat rations


   Skills:
 + Level 4.5 Fighting
 - Level 2.4 Dodging
 - Level 1.0 Stealth
 * Level 6.8 Unarmed Combat


You had 6 spell levels left.
You didn't know any spells.

Dungeon Overview and Level Annotations

Branches:
Dungeon (4/15)
 Temple: D:4-7

Altars:
Ashenzari
Dithmenos
Qazlal
Trog
Xom
Zin
The Shining One

Shops:
D:2 *

Annotations:
D:4 1 transporter


Innate Abilities, Weirdness & Mutations

You are too large for most types of armour.
You have claws for hands.
Your metabolism is lightning-fast.
You like to eat raw meat.
Your natural rate of healing is unusually fast.
You are covered in fur. (AC +1)
You have very tough skin. (AC +2)


Message History

You feel sick. The scorpion stings you.
You claw the cyclops!
The cyclops is moderately wounded.
You feel sick. The cyclops hits you!!
You scratch the cyclops.
The cyclops is moderately wounded.
You feel sick. The scorpion stings you!
You are more poisoned.
The scorpion poisons you! The cyclops hits you!!
* * * LOW HITPOINT WARNING * * *
It was a potion of invisibility.
You fade into invisibility!
* * * LOW HITPOINT WARNING * * *
You feel sick. The scorpion closely misses you.
You are very lightly contaminated with residual magic.
You feel better. The scorpion closely misses you. The cyclops hits you.
* * * LOW HITPOINT WARNING * * *
It was a potion of magic.
Magic courses through your body. The scorpion misses you.
The cyclops hits you!!
You die...

#.#.# #.#
#.#.#####.########
####.#.##...........##
..........#########..#
######...##...©$..##.#
#...#8$.#.#..8#.#
#.#.#.(#...#..#.##
#...#_[....(..#..#####
#...#.$....@†.#©.....#####
##..#_|....Cs.#..........#
#..#"$.#.#...#..###.###.#
#..#8$#...#.8#..# #.# #.#
#..##......!##..# #.# #.#
#...#########..(# #.#
#.### #.#...........#.#
#.# #....
#.####.##.##.##.#
#.######. #.# #.##.##.##.#
#..# #.


You could see a cyclops and a scorpion.

Vanquished Creatures
  A bullfrog (D:4)
  A scorpion (D:4)
  A howler monkey (D:4)
  A jelly (D:4)
  An orc priest (D:3)
  Jessica (D:2)
  6 worker ants (D:4)
  Terence (D:2)
  Ijyb (D:3)
  A hound skeleton (D:4)
  The ghost of murphy the Digger, a weakling DEEE (D:3)
  3 gnolls (D:2)
  2 adders
  2 oozes
  2 adder skeletons (D:4)
  2 dart slugs
  2 leopard geckos
  7 orcs
  A ball python (D:1)
  13 bats
  3 giant cockroaches
  6 goblins
  3 hobgoblins
  A jackal (D:4)
  5 kobolds
  6 frilled lizards
  17 rats
91 creatures vanquished.

Notes
Turn   | Place    | Note
-------+----------+-------------------------------------------
     0 | D:1      | grindst0ne the Troll Monk began the quest for the Orb.
     0 | D:1      | Reached XP level 1. HP: 22/22 MP: 0/0
    86 | D:1      | Reached XP level 2. HP: 28/29 MP: 1/1
   361 | D:1      | Reached XP level 3. HP: 36/36 MP: 2/2
   623 | D:2      | Reached skill level 4 in Unarmed Combat
   702 | D:2      | Reached XP level 4. HP: 45/45 MP: 3/3
   788 | D:2      | Noticed Terence
   798 | D:2      | Killed Terence
   826 | D:2      | Found a faded altar of an unknown god.
   940 | D:2      | Found Zin's Purification Station.
   940 | D:2      | Found a glowing silver altar of Zin.
  1093 | D:2      | Noticed Jessica
  1103 | D:2      | Killed Jessica
  1260 | D:3      | Reached XP level 5. HP: 53/53 MP: 4/4
  1286 | D:3      | Noticed murphy's ghost (weakling DEEE)
  1291 | D:3      | Killed murphy's ghost
  1291 | D:3      | Reached skill level 5 in Unarmed Combat
  1293 | D:3      | Noticed Ijyb
  1303 | D:3      | Killed Ijyb
  1400 | D:3      | Found a glowing golden altar of the Shining One.
  1434 | D:3      | Found a stormy altar of Qazlal.
  1553 | D:3      | Found a shadowy altar of Dithmenos.
  1869 | D:4      | Reached XP level 6. HP: 52/62 MP: 5/5
  1993 | D:4      | Reached skill level 6 in Unarmed Combat
  2008 | D:4      | Found a shimmering altar of Xom.
  2010 | D:4      | Found a bloodstained altar of Trog.
  2012 | D:4      | Noticed a cyclops
  2404 | D:4      | Reached XP level 7. HP: 65/71 MP: 6/6
  2416 | D:4      | Found a shattered altar of Ashenzari.
  2523 | D:4      | HP: 3/71 [poisoned by a scorpion]
  2525 | D:4      | Annihilated by a cyclops

Vault maps used:
D:1:      erik_arrival_orb_chamber
D:2:      zin_purify, chequers_ecumenical_altar_island, uniq_jessica,
          uniq_terence
D:3:      nicolae_dithmenos_through_a_glass_darkly, grunt_qazlal_clouds,
          marbit_many_paths, first_bread, minmay_crystal_water, uniq_ijyb
D:4:      lemuel_round_altar, gammafunk_temple_overflow_arena

Skill      XL: |  1  2  3  4  5  6 |
---------------+-------------------+-----
Fighting       | 3 4 |  4.5
Unarmed Combat | 4 5 6 |  6.8
Dodging        | |  2.4
Stealth        | |  1.0

Action                   |  1- 3 |  4- 6 |  7- 9 || total
-------------------------+-------+-------+-------++-------
Melee: Unarmed           |    90 |   133 |     9 ||   232
       Punch             |       |     3 |     1 ||     4
  Use: Potion            |       |       |     3 ||     3
 Stab: Sleeping          |     2 |     4 |       ||     6
  Eat: Chunk             |    11 |    13 |     3 ||    27
Armor: Robe              |    28 |    48 |     2 ||    78
Dodge: Dodged            |    55 |    59 |     7 ||   121
